Map: Eternal Empire LE

Players

RazerBlader - Winner!

  • Race: Terran Terran
  • League: Diamond
  • Spawn Location: 7:00

Spazymazy

  • Race: Zerg Zerg
  • League: Master
  • Spawn Location: 1:00

VOD

Have the link to the VOD?

Description

Time

  • Played on: Feb. 22, 2020, 6:23 p.m.
  • Length: 14:14
Show
View Real Time Build Order
Export as new Build Order

RazerBlader Terran - Winner!

Build Orders: Reaper Expand, Hellion Banshee 

Get SALT Encoding   

  12  0:00  SCV  
  13  0:12  SCV  
  14  0:17  Supply Depot  
  14  0:25  SCV  
  15  0:38  SCV  
  15  0:40  Barracks  
  16  0:44  Refinery  
  16  0:50  SCV  
  17  1:03  SCV  
  18  1:15  SCV  
  19  1:28  Reaper, Orbital Command  
  20  1:42  Command Center  
  20  1:50  Supply Depot  
  20  1:54  SCV  
  20  2:00  Marine  
  22  2:06  SCV  
  23  2:11  Factory  
  22  2:18  SCV  
  22  2:19  Refinery  
  23  2:22  Barracks Reactor  
  23  2:30  SCV  
  24  2:43  SCV  
  23  2:55  SCV  
  23  2:57  Starport  
  23  3:07  SCV  
  23  3:12  Hellion x2  
  28  3:13  Barracks Tech Lab  
  28  3:19  SCV  
  29  3:25  Orbital Command  
  29  3:31  SCV  
  32  3:34  Hellion x2  
  34  3:42  Marine  
  34  3:45  SCV  
  34  3:48  Banshee  
  39  3:52  SCV  
  42  3:55  Hellion  
  39  4:06  Hellion  
  33  4:17  SCV  
  33  4:20  SCV  
  35  4:30  Supply Depot  
  38  4:41  SCV  
  38  4:42  SCV  
  38  4:51  Command Center  
  36  4:54  SCV  
  36  4:56  SCV  
  36  4:57  Stimpack  
  38  5:06  SCV  
  39  5:08  SCV  
  40  5:15  Starport Reactor  
  40  5:18  SCV  
  40  5:19  Barracks x2  
  40  5:20  SCV, Factory Reactor  
  42  5:21  Marine  
  43  5:29  Supply Depot  
  43  5:30  SCV  
  43  5:32  SCV  
  43  5:35  Supply Depot  
  45  5:39  Marine  
  46  5:47  Engineering Bay x2  
  46  5:51  SCV x2  
  46  5:57  Marine  
  46  6:01  Starport Reactor  
  46  6:03  SCV x2  
  49  6:07  Engineering Bay  
  49  6:11  Marine  
  48  6:13  Orbital Command  
  48  6:15  SCV x2, Terran Infantry Weapons Level 1  
  50  6:20  Marine  
  50  6:22  Widow Mine x2  
  55  6:26  Marine x2  
  55  6:27  SCV x2, Marine  
  60  6:33  Terran Infantry Armor Level 1  
  60  6:34  Marine  
  60  6:37  Marine  
  60  6:38  Orbital Command  
  60  6:39  SCV x2, Combat Shield, Medivac  
  66  6:48  Marine x2  
  66  6:49  Refinery x2  
  66  6:51  SCV x2  
  66  6:54  Marine x2, Medivac  
  72  6:55  Marine  
  72  7:00  Widow Mine  
  77  7:07  Marine  
  77  7:08  SCV x3, Widow Mine  
  83  7:14  Marine x2  
  85  7:24  Barracks x2  
  85  7:25  SCV x3  
  85  7:26  Refinery  
  85  7:28  Marine  
  85  7:29  Supply Depot  
  89  7:33  Armory  
  89  7:36  Missile Turret  
  89  7:37  SCV x2  
  89  7:38  SCV  
  89  7:40  Supply Depot  
  89  7:43  Marine  
  93  7:50  SCV x2, Marine  
  93  7:51  SCV, Supply Depot  
  97  7:56  Missile Turret  
  97  7:58  Marine x2  
  99  8:03  SCV x2, Medivac  
  103  8:07  Medivac  
  103  8:10  Marine x2  
  107  8:17  Widow Mine  
  107  8:19  Widow Mine, Factory  
  113  8:26  Barracks Reactor x2  
  111  8:27  SCV, Terran Infantry Weapons Level 2  
  111  8:33  Marine x4, Supply Depot  
  116  8:37  SCV  
  116  8:40  Terran Infantry Armor Level 2  
  117  8:48  SCV x2, Marine  
  117  8:51  Marine x3  
  117  8:52  Marine  
  124  8:56  Supply Depot  
  124  8:57  Widow Mine x2  
  124  8:58  SCV  
  129  9:05  Factory Tech Lab  
  129  9:06  Supply Depot, Medivac  
  133  9:14  Supply Depot  
  133  9:15  Marine x2, Medivac  
  137  9:21  Command Center  
  137  9:22  Widow Mine  
  137  9:28  Drilling Claws  
  137  9:31  Widow Mine x2  
  141  9:32  Marine  
  141  9:33  Marine  
  141  9:37  Marine  
  141  9:38  Marine x3  
  147  9:46  Marine  
  147  9:48  Supply Depot  
  147  9:49  Widow Mine  
  150  9:53  Widow Mine  
  150  9:57  Bunker  
  150  9:58  Marine x2  
  150  9:59  Marine x2  
  158  10:01  Supply Depot  
  158  10:03  Supply Depot  
  158  10:04  Supply Depot  
  158  10:05  Thor  
  158  10:07  Marine  
  162  10:11  Marine  
  162  10:12  Missile Turret  
  162  10:13  Marine x2  
  166  10:15  Marine  
  166  10:18  Widow Mine  
  166  10:20  Widow Mine, Marine  
  172  10:22  SCV  
  172  10:24  Marine  
  174  10:30  Marine x2  
  174  10:31  Marine x2  
  171  10:39  Marine  
  171  10:40  Marauder  
  171  10:42  Marine, Widow Mine  
  172  10:46  Widow Mine  
  172  10:47  Marine, Terran Infantry Weapons Level 3  
  172  10:48  Marine  
  176  10:52  Marine  
  176  10:55  Marine  
  178  10:58  Sensor Tower  
  178  10:59  Marine, Missile Turret  
  178  11:00  Marine  
  178  11:01  Marauder  
  182  11:08  Widow Mine x2  
  185  11:12  Marine, Supply Depot  
  185  11:13  Marine  
  185  11:14  Supply Depot  
  185  11:17  Planetary Fortress  
  187  11:18  Marine  
  187  11:23  Marauder  
  188  11:27  Marine x4  
  188  11:30  Widow Mine  
  188  11:32  Marine  
  184  11:33  Marine x2  
  158  11:41  Marine  
  158  11:43  Widow Mine  
  158  11:44  Marine x2  
  158  11:45  SCV, Marauder  
  158  11:46  Marine  
  164  11:48  Marine  
  164  11:51  Marine x3  
  166  12:16  Marine  
  166  12:17  Marauder, Thor  
  166  12:19  Marine  
  166  12:20  Marine x2, Widow Mine  
  143  12:23  Marine  
  143  12:27  Bunker  
  143  12:28  Marine x2, Missile Turret  
  143  12:29  Supply Depot  
  143  12:30  Widow Mine  
  143  12:33  Marine  
  143  12:34  Marine, Medivac  
  149  12:37  Marine, Medivac  
  149  12:38  Marine, Marauder  
  154  12:45  Marine, Barracks  
  154  12:46  Marine  
  154  12:47  Barracks  
  154  12:48  Barracks  
  154  12:49  Marine  
  155  12:56  Widow Mine  
  155  12:57  Marine x3  
  155  12:58  Marine  
  160  12:59  Widow Mine  
  160  13:05  Supply Depot  
  162  13:07  SCV, Supply Depot  
  162  13:09  SCV  
  162  13:10  Thor  
  170  13:13  Sensor Tower  
  170  13:16  Marine x2, Sensor Tower  
  172  13:23  Supply Depot  
  172  13:25  Marine  
  171  13:33  Marine x2  
  165  13:37  Widow Mine  
  165  13:40  Widow Mine, Marine x2  
  171  13:52  Marine  
  171  13:53  Marauder  
  171  13:54  Marine x2  
  172  13:56  Marine  
  173  14:03  Barracks Tech Lab x2  
Show
View Real Time Build Order
Export as new Build Order

Spazymazy Zerg 

Build Orders: Pool First, Muta Ling Bane 

Get SALT Encoding   

  12  0:00  Drone  
  13  0:12  Overlord  
  13  0:16  Drone  
  14  0:30  Drone x2  
  16  0:42  Spawning Pool  
  15  0:44  Drone  
  15  0:48  Drone  
  17  1:09  Hatchery  
  16  1:12  Drone  
  16  1:14  Extractor  
  16  1:28  Zergling x4  
  16  1:29  Zergling x2  
  19  1:33  Queen  
  19  1:39  Drone  
  22  1:51  Roach Warren  
  21  1:58  Overlord  
  21  2:05  Drone  
  22  2:17  Queen  
  24  2:32  Roach  
  24  2:33  Roach x2  
  30  2:39  Drone  
  30  2:40  Drone  
  32  2:54  Overlord  
  32  2:59  Drone x2  
  32  3:03  Overlord  
  33  3:10  Overlord  
  33  3:11  Drone  
  34  3:15  Drone  
  34  3:21  Drone  
  34  3:23  Drone  
  34  3:24  Ravager  
  37  3:27  Ravager  
  37  3:28  Ravager, Drone  
  37  3:32  Drone x2  
  42  3:36  Drone  
  42  3:40  Drone x2  
  45  3:49  Drone  
  45  3:53  Drone x2  
  48  3:59  Overlord  
  48  4:09  Drone  
  46  4:10  Drone  
  44  4:17  Metabolic Boost  
  44  4:18  Queen x2  
  44  4:20  Spore Crawler  
  44  4:22  Spore Crawler  
  43  4:25  Drone x3  
  46  4:43  Zergling x12  
  46  4:44  Hatchery  
  51  4:50  Drone x3  
  51  4:52  Drone x2  
  56  4:57  Extractor  
  56  4:58  Lair  
  56  4:59  Extractor  
  54  5:03  Drone x3  
  56  5:08  Drone  
  56  5:11  Extractor  
  55  5:17  Drone x2  
  57  5:22  Drone  
  57  5:25  Overlord  
  57  5:26  Drone  
  57  5:28  Drone  
  60  5:29  Drone  
  60  5:34  Zergling x6  
  64  5:37  Drone  
  64  5:38  Spore Crawler  
  64  5:40  Zergling x2  
  65  5:49  Overlord  
  65  5:53  Zergling x2  
  66  5:57  Drone  
  66  6:00  Queen, Drone  
  66  6:01  Spire  
  66  6:02  Drone  
  68  6:06  Drone x2  
  68  6:07  Zergling x4  
  68  6:08  Zergling x6  
  71  6:11  Overseer  
  71  6:15  Extractor  
  71  6:16  Drone x2  
  71  6:17  Extractor  
  71  6:20  Drone  
  71  6:22  Overlord  
  72  6:27  Zergling x2  
  72  6:28  Drone  
  72  6:32  Drone  
  75  6:39  Drone x3  
  77  6:47  Overlord x2  
  77  6:48  Overlord  
  77  6:51  Overlord  
  77  6:53  Drone x2  
  79  7:00  Zergling x4  
  81  7:14  Mutalisk x9  
  99  7:19  Mutalisk x3  
  99  7:21  Mutalisk  
  106  7:27  Evolution Chamber  
  106  7:28  Evolution Chamber  
  104  7:30  Drone x2  
  104  7:32  Baneling Nest  
  104  7:36  Drone x2  
  107  7:38  Drone  
  107  7:43  Drone  
  109  7:44  Zerg Flyer Weapons Level 1  
  109  7:45  Zergling x8  
  109  7:48  Drone x3  
  116  7:52  Zergling x4  
  118  7:59  Zerg Melee Weapons Level 1  
  118  8:00  Zerg Ground Armor Level 1, Overlord  
  118  8:04  Overlord  
  110  8:19  Centrifical Hooks  
  110  8:20  Baneling x9  
  110  8:21  Zergling x2  
  110  8:25  Zergling x8, Hatchery  
  114  8:31  Zergling x6  
  114  8:32  Zergling x4  
  119  8:37  Zergling x8  
  119  8:38  Zergling x2  
  124  8:42  Drone x2  
  126  8:48  Mutalisk x2  
  126  8:50  Overlord x2  
  126  8:53  Infestation Pit  
  126  8:54  Overlord  
  129  8:59  Pneumatized Carapace  
  130  9:03  Overlord  
  130  9:05  Zergling x2  
  130  9:07  Overlord x2  
  130  9:10  Overseer  
  130  9:13  Mutalisk x2  
  130  9:16  Baneling x4  
  130  9:17  Baneling x3  
  134  9:19  Hatchery  
  133  9:25  Mutalisk x3  
  133  9:28  Baneling x5  
  139  9:35  Hive  
  139  9:36  Drone x2  
  139  9:37  Drone x2  
  143  9:43  Drone  
  143  9:44  Drone  
  145  9:47  Zergling x14  
  152  9:59  Overlord  
  152  10:00  Zerg Melee Weapons Level 2, Zerg Ground Armor Level 2  
  152  10:06  Zergling x2  
  152  10:07  Zergling x10  
  158  10:13  Drone  
  159  10:32  Mutalisk x4  
  166  10:39  Hatchery  
  166  10:42  Zerg Flyer Weapons Level 2  
  165  10:43  Queen  
  165  10:44  Drone x2  
  165  10:46  Zergling x14  
  165  10:47  Zergling x6  
  179  10:51  Ultralisk Cavern  
  179  10:54  Extractor  
  179  10:55  Drone x3  
  180  10:57  Adrenal Glands  
  180  11:02  Zergling x12  
  183  11:14  Baneling  
  183  11:15  Baneling x11  
  183  11:23  Zergling x14  
  172  11:39  Zergling x4  
  138  11:40  Zergling x28  
  141  11:51  Zergling x8  
  141  11:52  Baneling  
  141  11:53  Baneling x7  
  145  12:02  Ultralisk x3  
  145  12:06  Baneling x2  
  145  12:08  Baneling x2  
  157  12:18  Zergling x4  
  157  12:19  Zergling x4  
  134  12:23  Chitinous Plating  
  133  12:38  Hatchery  
  133  12:41  Ultralisk, Hatchery  
  137  12:45  Zergling x6  
  140  12:55  Zergling x2  
  140  12:56  Zergling x8  
  143  13:07  Ultralisk x2  
  155  13:17  Zergling x2  
  155  13:18  Zergling x12  
  162  13:23  Hatchery  
  150  13:39  Overseer  
  150  13:40  Overseer  
  150  13:43  Zergling x8  
  151  13:54  Zergling x14  
Tags
 
Add a new tag
Caveats
  • Supply blocks, unpowered buildings, or Contaminate may cause inaccurate times.
  • Supply counts are checked every 10 seconds.